 Dungeon Crawl Stone Soup version 0.31.0-12-g77e489cdc1 (webtiles) character file.

Game seed: 9030366647108212504

690 Ashen the Chopper (level 7, -1/64 HPs)
             Began as a Hill Orc Monk on Feb 14, 2024.
             Slain by a human zombie (4 damage)
             ... in an ossuary.
             The game lasted 00:05:15 (2637 turns).

Ashen the Chopper (Hill Orc Monk)                   Turns: 2637, Time: 00:05:15

Health: -1/64      AC:  6    Str: 16    XL:     7   Next: 63%
Magic:  7/7        EV: 11    Int: 10    God:
Gold:   160        SH:  0    Dex: 13    Spells: 6/6 levels left

rFire   . . .        a - +0 hand axe
rCold   . . .        d - orb {light}
rNeg    . . .        k - +0 scale mail
rPois   .            (no helmet)
rElec   .            (no cloak)
rCorr   .            (no gloves)
SInv    .            (no boots)
Will    .....        (no amulet) Stlth
                     (no ring)
HPRegen 0.30/turn    (no ring)
MPRegen 0.10/turn

%: no passive effects
@: glowing
A: no striking features
a: no special abilities


You were in an ossuary.
You visited 1 branch of the dungeon, and saw 4 of its levels.
You also visited: Sewer and Ossuary.

You collected 160 gold pieces.

Inventory:

Hand Weapons
 a - a +0 hand axe (weapon)
Armour
 d - an orb of light (worn)
 k - a +0 scale mail (worn)
Jewellery
 o - a +6 ring of intelligence
Scrolls
 e - 2 scrolls of fog
 m - a scroll of fear {unknown}
 n - a scroll of teleportation {unknown}
Potions
 b - 5 potions of lignification {unknown}
 c - 2 potions of ambrosia
 f - 2 potions of resistance
 g - a potion of degeneration {unknown}
 h - 2 potions of brilliance {unknown}
 i - a potion of magic {unknown}
 j - a potion of heal wounds {unknown}
 l - a potion of cancellation {unknown}


   Skills:
 + Level 6.7 Fighting
 + Level 7.3 Axes
 + Level 4.5 Dodging


You had 6 spell levels left.
You didn't know any spells.
Your spell library was empty.

Dungeon Overview and Level Annotations

Branches:
Dungeon (3/15)              Sewer (visited)         Ossuary (1/1)

Altars:

Annotations:
D:1 1 exclusion
D:3 3 runed translucent doors, DRAGONFLAY's ghost, amateur OpBr


Message History

The elf zombie is heavily damaged.
You hit the human zombie. The elf zombie barely misses you.
The human zombie hits you.
* * * LOW HITPOINT WARNING * * *
You slash the elf zombie!
The elf zombie is heavily damaged.
You hit the human zombie. You hit the elf zombie.
The elf zombie is heavily damaged.
You hit the human zombie. The elf zombie misses you. The human zombie hits you.
* * * LOW HITPOINT WARNING * * *
You barely miss the elf zombie.
The elf zombie is heavily damaged.
You hit the human zombie but do no damage.
The elf zombie hits you.
* * * LOW HITPOINT WARNING * * *
The human zombie hits you.
* * * LOW HITPOINT WARNING * * *
You barely miss the elf zombie.
The elf zombie is heavily damaged.
You hit the human zombie. The elf zombie misses you.
You hit the elf zombie.
The elf zombie is severely damaged.
You completely miss the human zombie.
The human zombie hits you but does no damage.
You hit the elf zombie.
The elf zombie is severely damaged.
You barely miss the human zombie. The elf zombie hits you.
* * * LOW HITPOINT WARNING * * *
The human zombie closely misses you.
You hit the elf zombie.
The elf zombie is severely damaged.
You hit the human zombie. The human zombie barely misses you.
The elf zombie hits you but does no damage.
You barely miss the elf zombie.
The elf zombie is severely damaged.
You hit the human zombie. The elf zombie hits you.
* * * LOW HITPOINT WARNING * * *
The human zombie hits you.
You die...

.......Z..........#
...................
..........Z........
...............##..
..........Z....##..
.........Z.Z.......
...................
.....#####.........
.......@Z..........
.......∩Z..........
###################


You could see an elf zombie and a human zombie.

Vanquished Creatures
  Sigmund (D:3)
  Pargi (Sewer)
  An elf zombie (Ossuary)
  2 brain worms (Sewer)
  A human zombie (Ossuary)
  Jessica (D:3)
  2 hound zombies (Ossuary)
  2 mummies
  Robin (D:2)
  4 adders
  9 ball pythons
  4 endoplasms
  A giant cockroach (D:2)
  11 goblins
  10 hobgoblins
  6 jackals
  2 quokkas
  6 bats
  4 frilled lizards
  A goblin zombie (Ossuary)
  A hobgoblin zombie (Ossuary)
  2 jackal zombies (Ossuary)
  4 kobolds
  An orc zombie (Ossuary)
  2 rats (D:1)
  A rat zombie (Ossuary)
81 creatures vanquished.

Notes
Turn   | Place    | Note
-------+----------+-------------------------------------------
     0 | D:1      | Ashen the Hill Orc Monk began the quest for the Orb.
     0 | D:1      | Reached XP level 1. HP: 19/19 MP: 1/1
   308 | D:1      | Reached XP level 2. HP: 27/27 MP: 2/2
   917 | D:2      | Reached XP level 3. HP: 32/33 MP: 3/3
  1021 | D:2      | Noticed Robin
  1098 | D:2      | Killed Robin
  1451 | D:3      | Noticed Sigmund
  1465 | D:3      | Killed Sigmund
  1466 | D:3      | Reached skill level 5 in Fighting
  1466 | D:3      | Reached skill level 5 in Axes
  1466 | D:3      | Reached XP level 4. HP: 18/42 MP: 4/4
  1466 | D:3      | Reached XP level 5. HP: 20/48 MP: 5/5
  1679 | D:3      | Found a glowing drain.
  1681 | D:3      | Noticed Jessica
  1690 | Sewer    | Entered a sewer
  1732 | Sewer    | Reached XP level 6. HP: 56/56 MP: 6/6
  1763 | Sewer    | Reached skill level 6 in Axes
  1772 | Sewer    | Noticed Pargi
  1781 | Sewer    | Killed Pargi
  1954 | Sewer    | Reached XP level 7. HP: 51/63 MP: 5/7
  2096 | D:3      | Killed Jessica
  2122 | D:3      | Found a runed translucent gate.
  2122 | D:3      | Found a runed translucent gate.
  2125 | D:3      | Noticed DRAGONFLAY's ghost (amateur OpBr)
  2125 | D:3      | Identified the +5 dagger of Chance {freeze, Int+3 Dex+4}
  2126 | D:3      | Found a runed translucent gate.
  2394 | D:3      | You fall into a shaft and drop 1 floor!
  2445 | D:4      | Found a sand-covered staircase.
  2564 | Ossuary  | Entered an ossuary
  2589 | Ossuary  | Reached skill level 7 in Axes
  2637 | Ossuary  | HP: 3/64 [elf zombie (6)]
  2637 | Ossuary  | Slain by a human zombie

Illustrated notes

Levels and vault maps discovered:
D:1:      lightli_arrival_flooded_house, layout_basic, item_on_display_a
D:2:      layout_rooms, uniq_robin
D:3:      layout_loops_ring, cheibrodos_sewer_entry_sluice,
          biasface_ghost_orc_armoury, uniq_jessica, uniq_sigmund
D:4:      minmay_wonky_spiral, layout_rooms, gup_ossuary_entry_pyramid,
          eino_tiny_chamber, minmay_misc_feat_plants, minmay_misc_feat_rugged
Ossuary:  ossuary_minmay_tomb_2a

Skill      XL: |  1  2  3  4  5  6  7 |
---------------+----------------------+-----
Fighting       | 4 5 6 |  6.7
Dodging        | 3 4 |  4.5
Axes           | 5 6 7 |  7.3

Action                     |  1- 3 |  4- 6 |  7- 9 || total
---------------------------+-------+-------+-------++-------
  Melee: Hand axe          |   110 |    53 |   100 ||   263
    Use: Scroll            |       |     3 |       ||     3
 Armour: Ring mail         |    29 |       |       ||    29
         Robe              |     3 |       |       ||     3
         Scale mail        |    52 |    41 |    86 ||   179
  Dodge: Dodged            |    58 |    38 |    54 ||   150
